 Dungeon Crawl Stone Soup version 0.21.0 (webtiles) character file.

56 MDvedh the Magician (level 3, -4/24 HPs)
             Began as a Mummy Wizard on Jan 7, 2018.
             Was an Initiate of Ashenzari.
             Slain by a gnoll
             ... wielding a +0 spear
              (13 damage)
             ... on level 2 of the Dungeon.
             The game lasted 00:02:34 (1696 turns).

MDvedh the Magician (Mummy Wizard)                  Turns: 1696, Time: 00:02:34

Health: -4/24      AC:  2    Str: 10    XL:     3   Next: 71%
Magic:  6/8        EV: 12    Int: 18    God:    Ashenzari [......]
Gold:   33         SH:  0    Dex: 10    Spells: 5/10 levels left

rFire    x . .     SeeInvis .   k - +0 dagger (venom)
rCold    + . .     Gourm    .   (no shield)
rNeg     + + +     Faith    .   a - +0 robe
rPois    ∞         Spirit   .   b - +0 hat
rElec    .         Reflect  .   (no cloak)
rCorr    .         Harm     .   (no gloves)
MR       .....                  (no boots)
Stlth    ++........             (no amulet)
HPRegen  0.08/turn              (no ring)
MPRegen  0.11/turn              (no ring)

@: no status effects
A: no food or potions, fire vulnerability, cold resistance 1, negative energy
resistance 3, torment resistance, unbreathing
a: Curse Item, Renounce Religion


You were on level 2 of the Dungeon.
You worshipped Ashenzari.
Ashenzari was noncommittal.
You were not hungry.

You visited 1 branch of the dungeon, and saw 2 of its levels.

You collected 33 gold pieces.

Inventory:

Hand Weapons
 k - a +0 dagger of venom (weapon)
Armour
 a - a +0 robe (worn)
 b - a +0 hat (worn)
Scrolls
 d - a scroll of immolation {unknown}
 e - a scroll of identify {unknown}
 f - a scroll of amnesia {unknown}
 g - a scroll of enchant weapon {unknown}
 h - a scroll of teleportation {unknown}
 i - a scroll of magic mapping {unknown}
 j - a scroll of remove curse
Books
 c - a book of Minor Magic

   Spells                             Type                      Level
   a - Magic Dart                     Conjuration                  1
   b - Blink                          Translocation                2
   c - Call Imp                       Summoning                    2
   d - Slow                           Hexes                        2
   e - Conjure Flame                  Conjuration/Fire             3
   f - Mephitic Cloud                 Conjuration/Poison/Air       3


   Skills:
 + Level 1.1 Short Blades
 - Level 1.5 Dodging
 - Level 1.5 Stealth
 - Level 4.0 Spellcasting
 + Level 2.6 Conjurations
 - Level 0.7 Summonings
 - Level 0.7 Translocations


You had 5 spell levels left.
You knew the following spells:

 Your Spells              Type           Power        Failure   Level  Hunger
a - Magic Dart            Conj           ##..         4%          1    N/A
b - Blink                 Tloc           N/A          17%         2    N/A
c - Call Imp              Summ           #.......     17%         2    N/A

Dungeon Overview and Level Annotations

Branches:
Dungeon (2/15)

Altars:
Ashenzari


Innate Abilities, Weirdness & Mutations

You do not eat or drink.
Your flesh is vulnerable to fire.
You are immune to poison.
Your flesh is cold resistant. (rC+)
You are immune to negative energy. (rN+++)
You are immune to unholy pain and torment.
You can survive without breathing.


Message History

The gnoll throws a throwing net.
The throwing net misses you.
A gnoll comes into view. It is wielding a whip.
You see here a stone.
Casting: Call Imp
Confirm with . or Enter, or press ? or * to list all spells.
A beastly little devil appears in a puff of flame.
Your crimson imp says, "You called?"
Things that are here:
an uncursed dagger; a goblin skeleton Your crimson imp hits the gnoll.
Things that are here:
an uncursed flail; a gnoll skeleton x2
The gnoll shouts!
There is a stone staircase leading up here.
Things that are here:
an uncursed club x2; a gnoll skeleton The gnoll misses your crimson imp.
The gnoll hits you from afar with a spear!
Ouch! That really hurt!
You die...

### #.. #.# #.#
###########.####
........5g)@...#
#..###g###.##.......#
#. #.# #.#####.##.#
####.. #.# #.## #
......###g##.g.#
..$....((........
##..##.#.##...##
###..##.#.###.##
...............#


You could see 3 gnolls and a friendly crimson imp.

Vanquished Creatures
  3 gnolls (D:2)
  An ooze (D:1)
  2 dart slugs
  4 goblins
  4 hobgoblins
  2 jackals (D:1)
  4 bats (D:1)
  2 frilled lizards (D:1)
  2 kobolds
  2 rats
26 creatures vanquished.

Vanquished Creatures (others)
  A rat (D:2)
1 creature vanquished.

Grand Total: 27 creatures vanquished

Notes
Turn   | Place    | Note
-------+----------+-------------------------------------------
     0 | D:1      | MDvedh the Mummy Wizard began the quest for the Orb.
     0 | D:1      | Reached XP level 1. HP: 13/13 MP: 5/5
    73 | D:1      | Reached skill level 1 in Conjurations
   168 | D:1      | Found a shattered altar of Ashenzari.
   204 | D:1      | Became a worshipper of Ashenzari the Shackled
   378 | D:1      | Reached XP level 2. HP: 19/19 MP: 2/7
   755 | D:1      | Learned a level 2 spell: Blink
   758 | D:1      | Learned a level 2 spell: Call Imp
  1386 | D:2      | Reached XP level 3. HP: 22/24 MP: 8/8
  1427 | D:2      | Reached skill level 1 in Short Blades
  1696 | D:2      | Slain by a gnoll

Skill      XL: |  1  2  3 |
---------------+----------+-----
Conjurations   | 1 2 |  2.6
Short Blades   | 1 |  1.1
Dodging        | |  1.5
Stealth        | |  1.5
Spellcasting   | |  4.0
Summonings     | |  0.7
Translocations | |  0.7

Action                   || total
-------------------------++-------
Melee: Club              ||     7
       Dagger            ||    37
 Cast: Magic Dart        ||    34
       Call Imp          ||     4
 Stab: Sleeping          ||     1
Armor: Robe              ||    10
Dodge: Dodged            ||    34
